 Dungeon Crawl Stone Soup version 0.31.0-11-ge490571c62 (webtiles) character file.

Game seed: 5846912512777310129

24 qw the Shooter (level 2, -3/16 HPs)
             Began as a Deep Elf Hunter on Feb 4, 2024.
             Succumbed to their own poison gas
             ... on level 1 of the Dungeon.
             The game lasted 00:00:03 (921 turns).

qw the Shooter (Deep Elf Hunter)                     Turns: 921, Time: 00:00:03

Health: -3/16      AC:  3    Str:  8    XL:     2   Next: 79%
Magic:  4/4        EV: 12    Int: 13    God:
Gold:   38         SH:  0    Dex: 18    Spells: 1/1 levels left

rFire   . . .        a - +1 shortbow
rCold   . . .        (shield currently unavailable)
rNeg    . . .        c - +0 leather armour
rPois   .            (no helmet)
rElec   .            (no cloak)
rCorr   .            (no gloves)
SInv    +            (no boots)
Will    .....        (no amulet)
Stlth   ++           j - ring of see invisible
HPRegen 0.22/turn    (no ring)
MPRegen 0.09/turn

%: no passive effects
@: mighty, lethally poisoned (-3 -> -17)
A: no striking features
a: no special abilities


You were on level 1 of the Dungeon.
You visited 1 branch of the dungeon, and saw 1 of its levels.

You collected 38 gold pieces.


   Skills:
 - Level 1.5 Fighting
 + Level 6.5 Ranged Weapons
 - Level 2.4 Dodging
 - Level 1.2 Stealth


You had one spell level left.
You didn't know any spells.
Your spell library was empty.

Inventory:

Hand Weapons
 a - a +1 shortbow (weapon)
Armour
 c - a +0 leather armour (worn)
Jewellery
 j - a ring of see invisible (left hand)
Potions
 h - a potion of heal wounds {unknown}
 i - 2 potions of might
 k - a potion of invisibility {unknown}
 m - a potion of curing {unknown}

Dungeon Overview and Level Annotations

Branches:
Dungeon (1/15)

Altars:


Message History

It is a scroll of enchant weapon.
914 ||| ENCHANTING +0 shortbow.
Your +0 shortbow glows red for a moment.
Done exploring.
915 ||| READING scroll labelled BAPLOP SUBUG.
As you read the scroll labelled BAPLOP SUBUG, it crumbles to dust.
The air around you briefly surges with heat, but it dissipates.
It was a scroll of immolation.
Done exploring.
916 ||| READING scroll labelled XUNE JYUSUN.
The air fills with toxic fumes!
As you read the scroll labelled XUNE JYUSUN, it crumbles to dust.
It was a scroll of poison.
Done exploring.
917 ||| DRINKING 3 yellow potions.
It was a potion of might.
You feel very mighty all of a sudden.
Done exploring.
918 ||| DROPPING scroll of butterflies.
You drop a scroll of butterflies.
Done exploring.
What level of the Dungeon? (default 1, ? - help) Sorry, I don't know how to get there.
Enter note:
Enter note:
Enter note:
Enter note:
Enter note:
Enter note:
Enter note:
Enter note:
Enter note:
Enter note:
Enter note:
Enter note: You are engulfed in poison gas.
You are lethally poisoned!
You feel very sick.
920 ||| Stepping ~*~*~tactically~*~*~ (cloud).
You feel very sick.
You see here a scroll of butterflies.
There is a lethal amount of poison in your body!
You die...

<.~.~~~..# #.#
..~~~~~..#####^#########
..~~~~~..#####.#########
..~~~~~..#####.#########
..~~~~#........#########
#######.################
# #...........0#######
#####.##########¤#######
.........¤¤¤¤0¤¤@#######
#####.##################
....#.# ###############
.##.#.##################
.............).........#
###.#.###############.##
....#.#........######.##
......#........%...:..##
##############.######.#


There were no monsters in sight!

Vanquished Creatures
  3 endoplasms (D:1)
  6 goblins (D:1)
  A hobgoblin (D:1)
  3 ball pythons (D:1)
  A bat (D:1)
  8 frilled lizards (D:1)
  A kobold (D:1)
  3 rats (D:1)
26 creatures vanquished.

Notes
Turn   | Place    | Note
-------+----------+-------------------------------------------
     0 | D:1      | qw the Deep Elf Hunter began the quest for the Orb.
     0 | D:1      | Reached XP level 1. HP: 12/12 MP: 3/3
     0 | D:1      | 0 ||| qw: Version: 0.3-a-160-g6735b56
     0 | D:1      | 0 ||| qw: Game counter: 5543
     0 | D:1      | 0 ||| qw: Melee chars always use a shield: true
     0 | D:1      | 0 ||| qw: God list: Okawaru
     0 | D:1      | 0 ||| qw: Allow faded altars: false
     0 | D:1      | 0 ||| qw: Do Orc after clearing Dungeon:15 true
     0 | D:1      | 0 ||| qw: Do second Lair branch before Depths: true
     0 | D:1      | 0 ||| qw: Lair rune preference: random
     0 | D:1      | 0 ||| qw: Goals: Normal
     0 | D:1      | 0 ||| PLANNING D:1-11
   110 | D:1      | 110 ||| RETREEEEATING.
   111 | D:1      | 111 ||| RETREEEEATING.
   112 | D:1      | 112 ||| RETREEEEATING.
   119 | D:1      | Reached XP level 2. HP: 15/16 MP: 4/4
   125 | D:1      | Reached skill level 6 in Ranged Weapons
   227 | D:1      | HP: 4/16 [frozen (2)]
   338 | D:1      | Found a faded altar of an unknown god.
   911 | D:1      | 911 ||| UPGRADING to ring of see invisible.
   912 | D:1      | 912 ||| READING scroll labelled ACUNIVULLE.
   913 | D:1      | 913 ||| READING scroll labelled JYMACUMMEH.
   914 | D:1      | 914 ||| READING scroll labelled QIEXZA KACVO.
   914 | D:1      | 914 ||| ENCHANTING +0 shortbow.
   915 | D:1      | 915 ||| READING scroll labelled BAPLOP SUBUG.
   916 | D:1      | 916 ||| READING scroll labelled XUNE JYUSUN.
   917 | D:1      | 917 ||| DRINKING 3 yellow potions.
   918 | D:1      | 918 ||| DROPPING scroll of butterflies.
   920 | D:1      | 920 ||| Stepping ~*~*~tactically~*~*~ (cloud).
   920 | D:1      | HP: 1/16 [poisoned by you (poison gas)]
   921 | D:1      | Succumbed to their own poison gas

Levels and vault maps discovered:
D:1:      dpeg_arrival_pond, layout_basic, shapermc_ecumenical_altar_petra,
          minmay_misc_feat_rugged, minmay_lizard_pond

Skill      XL: |  1  2 |
---------------+-------+-----
Ranged Weapons | 6 |  6.5
Fighting       | |  1.5
Dodging        | |  2.4
Stealth        | |  1.2

Action                     || total
---------------------------++-------
   Fire: Shortbow          ||    57
    Use: Scroll            ||     5
         Potion            ||     1
 Armour: Leather armour    ||     5
  Dodge: Dodged            ||     4

Table legend:
 A = Non-vault XP
 B = Vault XP
 C = Vault XP percentage of total XP
 D = Non-vault monster count
 E = Vault monster count
 F = Vault count percentage of total count
                 A         B        C        D         E       F
            +---------+---------+-------+---------+---------+-------
      Total |      28 |       7 |  20.0 |      19 |       7 |  26.9
            +---------+---------+-------+---------+---------+-------
        D:1 |      28 |       7 |  20.0 |      19 |       7 |  26.9
            +---------+---------+-------+---------+---------+-------
